 Dungeon Crawl Stone Soup version 0.27.1-33-g824d729ab1 (webtiles) character file.

Game seed: 12746605496244341508

26 ces the Sneak (level 2, 0/14 HPs)
             Began as a Spriggan Brigand on Nov 24, 2021.
             Succumbed to an adder's poison
             ... on level 2 of the Dungeon on Nov 30, 2021.
             The game lasted 00:02:21 (1248 turns).

ces the Sneak (Spriggan Brigand)                    Turns: 1248, Time: 00:02:22

Health: 0/14       AC:  3    Str:  7    XL:     2   Next: 89%
Magic:  3/3        EV: 16    Int: 12    God:
Gold:   76         SH:  0    Dex: 16    Spells: 1/1 levels left

rFire    . . .     SeeInvis +   a - +4 dagger (flame)
rCold    . . .     Faith    .   (shield restricted)
rNeg     . . .     Spirit   .   b - +0 robe
rPois    .         Reflect  .   (helmet restricted)
rElec    .         Harm     .   c - +0 cloak
rCorr    .         Rampage  .   (gloves unavailable)
Will     .....                  (boots unavailable)
Stlth    +++.......             (no amulet)
HPRegen  0.04/turn              (no ring)
MPRegen  0.08/turn              (no ring)

@: lethally poisoned (0 -> -13), very quick
A: very small, no large weapons, unfitting armour, see invisible, speed 3
a: no special abilities


You were on level 2 of the Dungeon.
You visited 1 branch of the dungeon, and saw 2 of its levels.

You collected 76 gold pieces.

Inventory:

Hand Weapons
 a - a +4 dagger of flaming (weapon)
Missiles
 d - 8 poisoned darts
 e - 2 curare-tipped darts (quivered)
Armour
 b - a +0 robe (worn)
 c - a +0 cloak (worn)
Jewellery
 j - a +4 ring of evasion
Scrolls
 g - a scroll of fog {unknown}
 h - 2 scrolls of identify {unknown}
 i - a scroll of enchant weapon {unknown}
 k - a scroll of fear {unknown}
Potions
 f - a potion of magic


   Skills:
 + Level 1.5 Fighting
 + Level 2.6 Short Blades
 + Level 2.4 Throwing
 + Level 1.5 Dodging
 + Level 6.6 Stealth


You had one spell level left.
You didn't know any spells.
Your spell library was empty.

Dungeon Overview and Level Annotations

Branches:
Dungeon (2/15)

Altars:
Nemelex Xobeh


Innate Abilities, Weirdness & Mutations

You are very small and have problems with some larger weapons.
You are too small for most types of armour.
You have supernaturally acute eyesight. (SInv)
You cover ground extremely quickly. (Speed+++)


Message History

No target in view!
A frilled lizard comes into view.
The frilled lizard hisses angrily.
A frilled lizard is nearby!
A frilled lizard is nearby!
Found a scroll labelled UTAOD GISHRIDU.
Found a stone staircase leading down.
The frilled lizard misses you.
You closely miss the frilled lizard. You hit the frilled lizard.
You burn the frilled lizard.
You kill the frilled lizard!
No target in view!
Found 10 gold pieces.
Found a scroll labelled OJIJ YW KIALOU.
h - 2 scrolls labelled UTAOD GISHRIDU (gained 1)
You now have 76 gold pieces (gained 10).
k - a scroll labelled OJIJ YW KIALOU
Found a sparkling altar of Nemelex Xobeh.
As you open the door, it creaks loudly!
A scorpion comes into view.
A scorpion is nearby!
A scorpion is nearby!
A scorpion is nearby!
An adder comes into view.
The adder bites you.
You are poisoned.
The adder poisons you!
You hit the adder. You burn the adder.
The adder is lightly wounded.
You feel sick. The adder closely misses you.
You miss the adder.
The adder is lightly wounded.
You feel sick. The adder bites you.
You are lethally poisoned!
The adder poisons you!
You feel sick. The adder bites you.
* * * LOW HITPOINT WARNING * * *
You are more poisoned.
The adder poisons you!
It was a potion of magic.
Magic courses through your body.
You die...

#........_......#...
#...............#...
#..........s....####
#......#.####.#.#
#....^.#.####.#.#
#......#........#
#......s.####'###
#......### #..s
#.#@S.## #.....
#.#.### #.......
#.... #.......s.##
#..... +.........+.
#....## #.........##
#.#.## ..... ##.##.


You could see a scorpion and an adder.

Vanquished Creatures
  A dart slug (D:1)
  3 endoplasms
  A giant cockroach (D:1)
  3 goblins (D:1)
  2 hobgoblins (D:1)
  A quokka (D:1)
  3 bats (D:1)
  3 frilled lizards
  5 kobolds (D:1)
  2 rats (D:1)
24 creatures vanquished.

Notes
Turn   | Place    | Note
-------+----------+-------------------------------------------
     0 | D:1      | ces the Spriggan Brigand began the quest for the Orb.
     0 | D:1      | Reached XP level 1. HP: 10/10 MP: 2/2
    96 | D:1      | Reached skill level 6 in Stealth
   251 | D:1      | Reached XP level 2. HP: 11/14 MP: 3/3
  1218 | D:2      | Found a sparkling altar of Nemelex Xobeh.
  1226 | D:2      | Noticed a scorpion
  1248 | D:2      | Succumbed to an adder's poison

Illustrated notes

Levels and vault maps discovered:
D:1:      minmay_arrival_pointy, layout_basic
D:2:      layout_loops_corners, basic_altar, minmay_tetromino_s4

Skill      XL: |  1 |
---------------+----+-----
Stealth        | 6 |  6.6
Fighting       | |  1.5
Short Blades   | |  2.6
Throwing       | |  2.4
Dodging        | |  1.5

Action                   || total
-------------------------++-------
Melee: Dagger            ||    37
Throw: Dart              ||    12
  Use: Potion            ||     1
 Stab: Sleeping          ||     7
Armor: Robe              ||     1
Dodge: Dodged            ||    17
